 Seeded DCSS version 0.27.1-34-g3ba077fa99 (webtiles) character file.

Game seed: 20220127 (custom seed)

6 jessy the Sneak (level 1, -2/11 HPs)
             Began as a Vine Stalker Brigand on Jan 27, 2022.
             Slain by a kobold (3 damage)
             ... on level 1 of the Dungeon.
             The game lasted 00:02:12 (511 turns).

jessy the Sneak (Vine Stalker Brigand)               Turns: 511, Time: 00:02:12

Health: -2/11      AC:  3    Str: 13    XL:     1   Next: 90%
Magic:  0/2        EV: 11    Int: 11    God:
Gold:   0          SH:  0    Dex: 15    Spells: 0/0 levels left

rFire    . . .     SeeInvis .   a - +2 dagger
rCold    . . .     Faith    .   (no shield)
rNeg     . . .     Spirit   +   b - +0 robe
rPois    .         Reflect  .   (no helmet)
rElec    .         Harm     .   c - +0 cloak
rCorr    .         Rampage  .   (no gloves)
Will     .....                  (no boots)
Stlth    +++.......             (no amulet)
HPRegen  0.03/turn              (no ring)
MPRegen  0.08/turn              (no ring)

@: no status effects
A: fangs 2, magic shield, antimagic bite, no potion heal 2
a: no special abilities


You were on level 1 of the Dungeon.
You visited 1 branch of the dungeon, and saw 1 of its levels.

Inventory:

Hand Weapons
 a - a +2 dagger (weapon)
Missiles
 d - 8 poisoned darts (quivered)
 e - 2 curare-tipped darts
Armour
 b - a +0 robe (worn)
 c - a +0 cloak (worn)
Scrolls
 f - a scroll of noise {unknown}


   Skills:
 + Level 1.8 Fighting
 + Level 1.8 Short Blades
 + Level 1.9 Throwing
 + Level 0.7 Dodging
 + Level 5.1 Stealth


You couldn't memorise any spells.
You didn't know any spells.
Your spell library was empty.

Dungeon Overview and Level Annotations

Branches:
Dungeon (1/15)

Altars:

Shops:
D:1 =


Innate Abilities, Weirdness & Mutations

You have extremely sharp teeth.
When hurt, damage is shared between your health and your magic reserves.
Your bite disrupts and absorbs the magic of your enemies.
Potions cannot restore your health.


Message History

The jackal is moderately wounded.
The jackal barely misses you. x2
You barely miss the jackal. You bite the jackal. You drain its power.
You feel invigorated.
The jackal is heavily wounded.
The jackal bites you.
The jackal bites you but does no damage. x2
You hit the jackal.
You kill the jackal!
The jackal closely misses you. The jackal misses you.
The jackal closely misses you.
You see here a jackal corpse.
You hit the jackal. Your bite misses the jackal.
The jackal is heavily wounded.
The jackal bites you but does no damage.
You barely miss the jackal. You bite the jackal. You drain its power.
The jackal is almost dead.
The jackal completely misses you.
You hit the jackal.
You kill the jackal!
You see here a jackal corpse.
You start resting.
HP restored.
Found a scroll labelled VUAGHU EDAHI.
f - a scroll labelled VUAGHU EDAHI A kobold comes into view.
It is wielding a +0 short sword.
A quokka comes into view.
The kobold shouts!
The kobold hits you with a +0 short sword.
You open the door.
The kobold hits you with a +0 short sword.
There is an open door here.
The kobold hits you with a +0 short sword.
* * * LOW HITPOINT WARNING * * *
The kobold hits you with a +0 short sword.
* * * LOW HITPOINT WARNING * * *
You closely miss the kobold. The kobold barely misses you.
You closely miss the kobold.
The kobold hits you with a +0 short sword.
You die...

#.........####
#............#
#............######
#...................
#...................
#....r..............
######.........#.........
...............K@........
################.........
#.................
#.#######......... #.#
#...∩..... ..... #.#
###......... .....
#.#####.†......... ....
#.#...'.†.....#### #..
#.#.###.......# #..


You could see a quokka (wandering) and a kobold.

Vanquished Creatures
  A hobgoblin (D:1)
  3 jackals (D:1)
  A ball python (D:1)
5 creatures vanquished.

Notes
Turn   | Place    | Note
-------+----------+-------------------------------------------
     0 | D:1      | jessy the Vine Stalker Brigand began the quest for the Orb.
     0 | D:1      | Reached XP level 1. HP: 11/11 MP: 2/2
   388 | D:1      | Reached skill level 5 in Stealth
   396 | D:1      | Found Buffam's Jewellery Emporium.
   511 | D:1      | Slain by a kobold

Illustrated notes

Levels and vault maps discovered:
D:1:      onia_arrival_mini_spirals, layout_basic, serial_shops, shop,
          dreamdust_ecumenical_altar_angels_and_demons

Skill      XL: |  1 |
---------------+----+-----
Stealth        | 5 |  5.1
Fighting       | |  1.8
Short Blades   | |  1.8
Throwing       | |  1.9
Dodging        | |  0.7

Action                   || total
-------------------------++-------
Melee: Dagger            ||    21
       Bite              ||     4
 Stab: Sleeping          ||     1
Armor: Robe              ||     9
Dodge: Dodged            ||    16
